 Dungeon Crawl Stone Soup version 0.26-a0-64-g059e62fbdb (webtiles) character file.

Game seed: 6068540951652353665

289123 Ijustatesigmund the Executioner (level 20, 0/200 HPs)
             Began as a Hill Orc Fighter on June 10, 2020.
             Was the Champion of Cheibriados.
             Slain by a vampire knight
             ... wielding a +2 vorpal long sword
              (2 damage)
             ... while paralysed by a vampire knight
             ... on level 3 of the Vaults.
             The game lasted 02:06:49 (45856 turns).

Ijustatesigmund the Executioner (Hill Orc Fighter) Turns: 45856, Time: 02:06:49

Health: 0/200      AC: 19    Str: 36    XL:     20   Next: 71%
Magic:  29/32      EV:  2    Int: 23    God:    Cheibriados [******]
Gold:   1339       SH:  0    Dex: 37    Spells: 18/19 levels left

rFire    . . .     SeeInvis .   a - +6 broad axe (flame)
rCold    + . .     Gourm    .   b - +1 kite shield of Yredelemnul's Approval {rElec rPois Str-3 Stlth+}
rNeg     . . .     Faith    .   J - +7 Kryia's mail coat {PotionHeal*2 rC+}
rPois    +         Spirit   .   (helmet restricted)
rElec    +         Reflect  .   N - +1 cloak {rPois}
rCorr    .         Harm     .   Z - +1 pair of gloves {archery}
MR       +....                  z - +1 pair of boots
Stlth    +++.......             E - amulet of Coronation {Regen+ Dex+6}
HPRegen  0.83/turn              M - +4 ring of protection
MPRegen  0.23/turn              e - +4 ring of protection

@: paralysed, corroded, studying Axes, lightly drained, very slow
A: beak, mutation resistance 1, poison resistance, strong 1, wild magic 1
}: 2/15 runes: serpentine, barnacled
a: Bend Time, Temporal Distortion, Slouch, Step From Time, Renounce Religion


You were on level 3 of the Vaults.
You worshipped Cheibriados.
Cheibriados was exalted by your worship.
You were not hungry.

You visited 6 branches of the dungeon, and saw 34 of its levels.
You also visited: Bailey, Ice Cave and Volcano.

You collected 4260 gold pieces.
You spent 2921 gold pieces at shops.

Inventory:

Hand Weapons
 a - a +6 broad axe of flaming (weapon)
 V - a +1 morningstar of holy wrath
Missiles
 v - 36 silver javelins
 B - 8 throwing nets
 R - 5 curare-tipped darts (quivered)
Armour
 b - the +1 kite shield of Yredelemnul's Approval (worn) {rElec rPois Str-3 Stlth+}
   (You found it on level 1 of the Vaults)

   It affects your strength (-3).
   It insulates you from electricity.
   It protects you from poison.
   It makes you more stealthy.
 c - a +1 tower shield
 z - a +1 pair of boots (worn)
 J - the +7 Kryia's mail coat (worn) {PotionHeal*2 rC+}
   (You acquired it on level 1 of the Orcish Mines)

   It protects you from cold.
 N - a +1 cloak of poison resistance (worn)
 Q - +0 fire dragon scales
 W - the -4 helmet of True Grit {-Cast rN+++ Str+4}
   (You found it on level 6 of the Lair of Beasts)

   It affects your strength (+4).
   It renders you almost immune to negative energy.
   It prevents spellcasting.
 Z - a +1 pair of gloves of archery (worn)
Jewellery
 e - a +4 ring of protection (right hand)
 j - an uncursed ring of protection from cold
 o - an uncursed ring of fire
 A - an uncursed ring of see invisible
 E - the amulet of Coronation (around neck) {Regen+ Dex+6}
   (You acquired it on level 1 of the Vaults)

   [amulet of regeneration]

   It affects your dexterity (+6).
   It increases your rate of regeneration.
 M - a +4 ring of protection (left hand)
 U - an uncursed ring of protection from cold
Wands
 d - a wand of disintegration (17)
 x - a wand of acid (4)
 C - a wand of flame (18)
 D - a wand of iceblast (4)
 H - a wand of paralysis (10)
 K - a wand of enslavement (12)
 P - a wand of clouds (6)
 S - a wand of digging (2)
Scrolls
 g - 3 scrolls of fog
 h - 10 scrolls of remove curse
 i - 3 scrolls of silence
 q - 2 scrolls of blinking
 r - 9 scrolls of magic mapping
 s - 8 scrolls of teleportation
 w - 6 scrolls of amnesia
 y - 4 scrolls of fear
 G - 6 scrolls of identify
 I - 2 scrolls of brand weapon
Potions
 k - 3 potions of curing
 m - a potion of flight
 n - 6 potions of brilliance
 t - 5 potions of resistance
 u - 4 potions of stabbing
 F - 5 potions of lignification
 T - 2 potions of might
 Y - a potion of ambrosia
Books
 l - a manual of Axes
Miscellaneous
 p - a lightning rod (4/4)
 O - 3 phantom mirrors
Comestibles
 f - 81 rations


   Skills:
 - Level 21.9(21.0) Fighting
 + Level 22.3(21.5) Axes
 - Level 13.0(12.3) Throwing
 - Level 11.3(10.6) Armour
 + Level 11.0(10.4) Dodging
 - Level 2.0(1.5) Stealth
 - Level 17.0(16.2) Shields
 - Level 4.2(3.7) Translocations
 - Level 17.2(16.4) Invocations
 - Level 6.1(5.5) Evocations


You had 18 spell levels left.
You knew the following spells:

 Your Spells              Type           Power        Failure   Level  Hunger
a - Apportation           Tloc           ###...       9%          1    ##.....

Your spell library contained the following spells:

 Spells                   Type           Power        Failure   Level  Hunger
 Blink                    Tloc           N/A          13%         2    ###....
 Lesser Beckoning         Tloc           ###.......   24%         3    ####...
 Beastly Appendage        Tmut           #.....       34%         1    ##.....
 Corona                   Hex            #......      34%         1    ##.....
 Magic Dart               Conj           #...         34%         1    ##.....
 Summon Butterflies       Summ           #.......     34%         1    ##.....
 Recall                   Summ/Tloc      N/A          43%         3    ####...
 Call Imp                 Summ           #.......     45%         2    ###....
 Corpse Rot               Necr/Air       N/A          45%         2    ###....
 Ensorcelled Hibernation  Hex/Ice        #.....       45%         2    ###....
 Searing Ray              Conj           #.....       45%         2    ###....
 Slow                     Hex            #.......     45%         2    ###....
 Sticks to Snakes         Tmut           #.......     45%         2    ###....
 Sublimation of Blood     Necr           #.........   45%         2    ###....
 Call Canine Familiar     Summ           #.......     67%         3    ####...
 Confusing Touch          Hex            #.......     67%         3    ####...
 Conjure Flame            Conj/Fire      #.......     67%         3    ####...
 Dazzling Flash           Conj/Hex       #.....       67%         3    ####...
 Ignite Poison            Fire/Tmut/Pois #.......     67%         3    ####...
 Mephitic Cloud           Conj/Pois/Air  #.......     67%         3    ####...
 Spider Form              Tmut/Pois      #.........   67%         3    ####...
 Tukima's Dance           Hex            #.......     67%         3    ####...
 Iskenderun's Mystic Bla  Conj/Tloc      ##......     82%         4    #####..
 Animate Dead             Necr           N/A          96%         4    #####..
 Cause Fear               Hex            #.........   96%         4    #####..
 Dispel Undead            Necr           #.......     96%         4    #####..
 Fulminant Prism          Conj/Hex       #.........   96%         4    #####..
 Ice Form                 Ice/Tmut       #.......     96%         4    #####..
 Petrify                  Tmut/Erth      #.......     96%         4    #####..
 Summon Ice Beast         Ice/Summ       #.......     96%         4    #####..
 Agony                    Necr           #.......     100%        5    ######.
 Alistair's Intoxication  Tmut/Pois      #.......     100%        5    ######.
 Blade Hands              Tmut           #.........   100%        5    ######.
 Borgnjor's Vile Clutch   Necr/Erth      #.........   100%        5    ######.
 Excruciating Wounds      Chrm/Necr      #.........   100%        5    ######.
 Irradiate                Conj/Tmut      #.........   100%        5    ######.
 Metabolic Englaciation   Hex/Ice        #.........   100%        5    ######.
 Silence                  Hex/Air        #.........   100%        5    ######.
 Summon Mana Viper        Hex/Summ       #.......     100%        5    ######.
 Yara's Violent Unravell  Hex/Tmut       #.........   100%        5    ######.
 Death Channel            Necr           #.........   100%        6    #######
 Eringya's Noxious Bog    Tmut/Pois      #.........   100%        6    #######
 Freezing Cloud           Conj/Ice/Air   #.........   100%        6    #######
 Invisibility             Hex            #.......     100%        6    #######
 Ozocubu's Refrigeration  Ice            #.........   100%        6    #######
 Simulacrum               Ice/Necr       #.........   100%        6    #######
 Summon Hydra             Summ           #.........   100%        7    #######
 Discord                  Hex            #.........   100%        8    #######


Dungeon Overview and Level Annotations

Branches:
Dungeon (15/15)            Temple (0/1) D:5            Lair (6/6) D:10
 Shoals (4/4) Lair:3        Snake (4/4) Lair:3        Slime (0/5) Lair:6
    Orc (2/2) D:9             Elf (0/3) Orc:2        Vaults (3/5) D:14
 Depths (0/5) D:15         Bailey (visited)           IceCv (visited)
Volcano (visited)
  Crypt: Vaults:2-3

Altars:
Ashenzari
Cheibriados
Kikubaaqudgha
Makhleb
Okawaru
Qazlal
Sif Muna
Trog
Uskayaw
Wu Jian
Zin

Shops:
D:6 (   D:9 :   D:10 ?   D:13 :   Orc:1 :[**?   Orc:2 [:(*   Shoals:1 (
Shoals:2 **([%   Snake:2 }}=

Portals:
Hell: Lair:6
Trove: D:12 (give +3 gold dragon scales)

Annotations:
D:12 2 runed translucent doors, qipq's ghost, journeyman OgGl
Vaults:2 exclusion: orange crystal statue


Innate Abilities, Weirdness & Mutations

You have a beak for a mouth.
You are somewhat resistant to further mutation.
Your system is resistant to poisons. (rPois)
Your muscles are strong. (Str +2)
Your spells are a little harder to cast, but a little more powerful.


Message History

You hear some strange, mumbled words.
You suddenly lose the ability to move!
Something hits you but does no damage. Something bites you but does no damage.
Something hits you!! Something bites you.
Something draws strength from your injuries!
You hear some strange, mumbled words.
Something tries to affect you, but you resist.
The deep elf death mage casts a spell at you.
The bolt of negative energy hits you!!
You feel drained. Something hits you but does no damage.
Something bites you but does no damage. Something hits you!
Something bites you but does no damage. Something hits you!!
Something bites you but does no damage. Something hits you!!
* * * LOW HITPOINT WARNING * * *
Something bites you but does no damage. Something hits you!
* * * LOW HITPOINT WARNING * * *
x2 Something bites you but does no damage.
Something hits you!!
* * * LOW HITPOINT WARNING * * *
You die...

........#...>...#
........#.......#
...<....#.......#
........'.......#
........#.......#
........##+######
........'.†......
........'........
#########@z......
#{.......
#e.......
'........
#........
#........
#........
####+####


You could see a deep elf death mage and a skeletal warrior.

Vanquished Creatures
  Vashnia (Snake:4)
  Rupert (D:13)
  An Ice Fiend (IceCv)
  A kraken (Shoals:4)
  Polyphemus (Shoals:4)
  9 nagarajas
  Roxanne (Shoals:1)
  Donald (Shoals:4)
  A deep elf sorcerer (Vaults:2)
  2 vault wardens
  Aizul (Shoals:4)
  5 orc warlords
  4 ironheart preservers
  An entropy weaver (Vaults:3)
  5 very ugly things (Vaults:2)
  4 merfolk javelineers (Shoals:4)
  10 merfolk impalers
  3 fire dragons (Vaults:1)
  Harold (D:7)
  2 ogre magi (Vaults:1)
  3 yaktaur captains
  A great orb of eyes (Vaults:1)
  A hell beast (Lair:6)
  18 naga warriors
  10 hydras
  2 merfolk avatars
  7 centaur warriors
  2 death knights
  A catoblepas (Shoals:4)
  10 anacondas
  4 merfolk aquamancers (Shoals:4)
  2 alligator snapping turtles (Shoals:4)
  Erica (D:9)
  2 two-headed ogres
  A satyr (Shoals:4)
  2 death yaks (Shoals:4)
  A two-headed ogre (shapeshifter) (D:15)
  An alligator (Lair:5)
  A deep troll shaman (Vaults:2)
  Urug (D:13)
  5 orc high priests (Orc:2)
  A shock serpent (shapeshifter) (Vaults:1)
  Sonja (Lair:5)
  21 naga sharpshooters
  A deep elf knight (Vaults:2)
  3 salamander mystics
  4 shock serpents
  A shadow wraith (Vaults:1)
  6 skeletal warriors (D:15)
  3 unseen horrors (Vaults:1)
  17 sea snakes
  2 deep trolls (Vaults:2)
  A flayed ghost (Vaults:2)
  8 naga ritualists
  2 wizards
  2 ironbrand convokers
  A lindwurm (shapeshifter) (Vaults:2)
  15 orc knights
  A harpy (shapeshifter) (Vaults:1)
  An orc sorcerer (Orc:2)
  18 harpies
  9 mana vipers
  6 cyclopes
  12 manticores
  2 wolf spiders (Orc:1)
  12 salamanders
  3 deep elf magi (Vaults:2)
  31 ugly things
  A salamander (shapeshifter) (Vaults:2)
  21 fauns
  21 black mambas
  5 vault sentinels
  Joseph (D:7)
  10 elephants
  4 guardian serpents (Snake:3)
  2 molten gargoyles (Volcano)
  2 ice statues
  7 merfolk sirens
  2 gargoyles
  19 naga magi
  Maggie (D:7)
  11 spiny frogs
  3 kobold demonologists (D:8)
  5 freezing wraiths
  3 anaconda simulacra (IceCv)
  3 rime drakes
  6 komodo dragons
  11 yaktaurs
  9 ice devils
  A hellwing (Lair:6)
  3 golden dragon simulacra (IceCv)
  A red devil (Lair:6)
  10 trolls
  A queen bee (shapeshifter) (D:14)
  A jumping spider (Vaults:3)
  3 polar bears
  3 meliai (D:13)
  Grinder (D:6)
  A queen bee (D:13)
  29 merfolk
  6 wind drakes
  50 slime creatures
  A tengu simulacrum (Vaults:2)
  A raiju (shapeshifter) (Vaults:1)
  3 hornets
  24 blink frogs
  6 snapping turtles
  8 hippogriffs
  A dream sheep (shapeshifter) (Vaults:2)
  A frost giant simulacrum (Vaults:1)
  2 tarantellas (Orc:1)
  A dire elephant simulacrum (IceCv)
  2 redbacks (Vaults:3)
  4 wraiths
  5 wyverns
  A fire elemental (Volcano)
  A shadow (D:15)
  48 yaks
  3 hogs (D:14)
  5 water elementals (Shoals:4)
  5 hungry ghosts
  A basilisk (D:9)
  2 basilisks (shapeshifter)
  16 humans (D:13)
  A death yak simulacrum (IceCv)
  Menkaure (D:6)
  3 harpy simulacra (IceCv)
  3 iron troll simulacra (IceCv)
  52 nagas
  5 hell hounds (Lair:6)
  12 wargs
  A hydra simulacrum (IceCv)
  3 acid dragons
  11 water moccasins
  8 porcupines
  2 black bears
  48 orc warriors
  An ettin simulacrum (IceCv)
  8 ice beasts
  4 sky beasts
  2 eyes of draining
  4 phantoms
  7 wolves
  22 ogres
  12 centaurs
  6 boggarts
  11 crocodiles
  3 big kobolds
  17 bullfrogs
  4 earth elementals (Volcano)
  A deep troll simulacrum (Vaults:1)
  3 wyvern skeletons
  3 scorpions
  43 killer bees
  A human simulacrum (Vaults:2)
  An orc simulacrum (Vaults:1)
  A swamp dragon simulacrum (IceCv)
  13 wights
  2 electric eels
  2 centaur zombies
  8 crimson imps
  A howler monkey (D:8)
  2 draconian simulacra (IceCv)
  3 bullfrog zombies
  2 quasits
  5 hounds
  17 orc priests
  A bullfrog skeleton (D:8)
  4 jellies
  29 orc wizards
  4 centaur skeletons
  A gnoll shaman (D:6)
  6 iguanas
  A spriggan simulacrum (IceCv)
  8 worker ants
  6 troll simulacra (IceCv)
  A polar bear simulacrum (IceCv)
  3 wolf simulacra (IceCv)
  A killer bee zombie (D:9)
  A centaur simulacrum (IceCv)
  A hound skeleton (D:6)
  A howler monkey zombie (D:7)
  2 worker ant zombies
  4 gnolls
  A howler monkey skeleton (D:8)
  3 naga simulacra (IceCv)
  10 adders
  2 ogre simulacra (IceCv)
  5 shadow imps
  13 white imps
  An ooze (D:3)
  5 ufetubi (IceCv)
  2 adder skeletons
  4 worms
  2 dart slugs
  7 leopard geckos
  104 orcs
  8 giant cockroaches
  21 goblins
  11 hobgoblins
  12 jackals
  23 kobolds
  7 quokkas
  8 bats
  4 frilled lizards
  6 rats
  A bush (Lair:5)
  2 fungi
  10 plants
  2 tentacles (Shoals:4)
1420 creatures vanquished.

Vanquished Creatures (collateral kills)
  A satyr (Shoals:4)
1 creature vanquished.

Vanquished Creatures (others)
  Kirke (D:14)
  A manticore (Shoals:4)
  A deep troll (Vaults:2)
  An ugly thing (Vaults:2)
  A merfolk (Shoals:4)
  A boggart (D:15)
  A white imp (IceCv)
  9 fungi
  80 plants
  4 tentacles (Shoals:4)
100 creatures vanquished.

Grand Total: 1521 creatures vanquished

Notes
Turn   | Place    | Note
-------+----------+-------------------------------------------
     0 | D:1      | Ijustatesigmund the Hill Orc Fighter began the quest for
                  | the Orb.
     0 | D:1      | Reached XP level 1. HP: 19/19 MP: 1/1
    49 | D:1      | Reached skill level 3 in Axes
   176 | D:1      | Reached XP level 2. HP: 27/27 MP: 2/2
   838 | D:1      | Reached skill level 4 in Axes
   929 | D:2      | Reached XP level 3. HP: 31/33 MP: 3/3
  1247 | D:2      | Found a bloodstained altar of Trog.
  1800 | D:3      | Reached XP level 4. HP: 41/41 MP: 4/4
  1820 | D:3      | Reached skill level 5 in Axes
  2014 | D:3      | Gained mutation: Scrolls take you a little longer to read.
                  | [potion of mutation]
  2014 | D:3      | Gained mutation: Your magical capacity is low. (-10% MP)
                  | [potion of mutation]
  2014 | D:3      | Gained mutation: You are resistant to hostile enchantments.
                  | (MR+) [potion of mutation]
  2078 | D:3      | Found a shattered altar of Ashenzari.
  2225 | D:3      | Reached skill level 6 in Axes
  2225 | D:3      | Reached XP level 5. HP: 47/47 MP: 4/4
  2247 | D:3      | Found a snail-covered altar of Cheibriados.
  2262 | D:3      | Reached skill level 5 in Fighting
  2339 | D:3      | Became a worshipper of Cheibriados the Contemplative
  2343 | D:3      | Found a stormy altar of Qazlal.
  2368 | D:3      | Found an ornate altar of the Wu Jian Council.
  2517 | D:3      | Found a faded altar of an unknown god.
  2613 | D:4      | Reached skill level 1 in Invocations
  2789 | D:4      | Reached XP level 6. HP: 37/56 MP: 6/6
  3597 | D:4      | Reached skill level 1 in Dodging
  3597 | D:4      | Reached * piety under Cheibriados
  3761 | D:4      | Reached XP level 7. HP: 59/61 MP: 8/8
  4159 | D:5      | Entered Level 5 of the Dungeon
  4623 | D:5      | Found a hide-covered altar of Uskayaw.
  4632 | D:5      | Found a staircase to the Ecumenical Temple.
  4635 | D:5      | Noticed a hungry ghost
  4649 | D:5      | Killed a hungry ghost
  4649 | D:5      | Reached skill level 7 in Axes
  4649 | D:5      | Reached XP level 8. HP: 68/70 MP: 10/10
  4669 | D:5      | Reached ** piety under Cheibriados
  4843 | D:5      | Reached skill level 5 in Invocations
  5466 | D:6      | Lost mutation: Scrolls take you a little longer to read.
                  | [potion of mutation]
  5466 | D:6      | Lost mutation: You are resistant to hostile enchantments.
                  | (MR+) [potion of mutation]
  5466 | D:6      | Lost mutation: Your magical capacity is low. (-10% MP)
                  | [potion of mutation]
  5466 | D:6      | Gained mutation: Your body sometimes deteriorates upon
                  | taking damage. [potion of mutation]
  5466 | D:6      | Gained mutation: You have a pair of small horns on your
                  | head. [potion of mutation]
  5466 | D:6      | Gained mutation: Armour fits poorly on your strangely
                  | shaped body. [potion of mutation]
  5466 | D:6      | Gained mutation: You have sharp toenails. [potion of
                  | mutation]
  5488 | D:6      | Noticed Menkaure
  5495 | D:6      | Killed Menkaure
  5495 | D:6      | Reached skill level 5 in Armour
  5495 | D:6      | Reached skill level 5 in Shields
  5634 | D:6      | Found Meyletow's Weapon Shop.
  5667 | D:6      | Reached *** piety under Cheibriados
  5675 | D:6      | Reached XP level 9. HP: 47/78 MP: 12/14
  6148 | D:6      | Noticed Grinder
  6160 | D:6      | Killed Grinder
  6160 | D:6      | Reached skill level 8 in Axes
  6616 | D:7      | Noticed Maggie
  6714 | D:7      | Gained mutation: You occasionally shout uncontrollably at
                  | your foes. [potion of mutation]
  6714 | D:7      | Gained mutation: You do not regenerate when monsters are
                  | visible. [potion of mutation]
  6714 | D:7      | Gained mutation: Your system is resistant to poisons.
                  | (rPois) [potion of mutation]
  6736 | D:7      | Found a flagged portal.
  6742 | Bailey   | Entered a bailey
  6759 | Bailey   | Noticed an orc warlord
  6858 | Bailey   | Reached **** piety under Cheibriados
  6878 | Bailey   | Found a runed translucent gate.
  6880 | Bailey   | Found a runed translucent gate.
  6912 | Bailey   | Found a runed translucent gate.
  7018 | Bailey   | Got a polished hand axe
  7034 | Bailey   | Killed an orc warlord
  7034 | Bailey   | Reached XP level 10. HP: 49/88 MP: 9/16
  7045 | Bailey   | Identified the cursed +2 hand axe of Exquisite Torment
                  | {freeze, Str+5} (You found it in a bailey)
  7057 | Bailey   | Reached skill level 10 in Axes
  7057 | Bailey   | Reached skill level 5 in Dodging
  7057 | Bailey   | Reached XP level 11. HP: 63/97 MP: 14/19
  7058 | Bailey   | Reached skill level 12 in Axes
  7058 | Bailey   | Reached XP level 12. HP: 72/110 MP: 14/20
  7335 | D:7      | Identified a scroll of acquirement
  7647 | D:7      | Noticed Joseph
  7658 | D:7      | Killed Joseph
  7661 | D:7      | Killed Maggie
  7726 | D:7      | Noticed Harold
  7744 | D:7      | Killed Harold
  8582 | D:8      | Found a bloodstained altar of Trog.
  8883 | D:8      | Found an ancient bone altar of Kikubaaqudgha.
  8926 | D:8      | Found a shimmering blue altar of Sif Muna.
  9194 | D:9      | Reached ***** piety under Cheibriados
  9604 | D:9      | Found a staircase to the Orcish Mines.
  9638 | D:9      | Reached skill level 10 in Shields
  9818 | D:9      | Found Cerupoer's Book Boutique.
  9818 | D:9      | Noticed Erica
  9827 | D:9      | Killed Erica
  9896 | D:9      | Reached skill level 13 in Axes
 10573 | D:10     | Entered Level 10 of the Dungeon
 10943 | D:10     | Noticed a two-headed ogre
 11017 | D:9      | Killed a two-headed ogre
 11017 | D:9      | Reached XP level 13. HP: 44/118 MP: 16/22
 11286 | D:10     | Found a staircase to the Lair.
 11357 | D:10     | Found Icopt's Magic Scroll Shoppe.
 11362 | D:10     | Bought a scroll of teleportation for 48 gold pieces
 12032 | D:10     | Found an iron altar of Okawaru.
 12418 | D:11     | Reached skill level 1 in Stealth
 12419 | D:11     | Reached ****** piety under Cheibriados
 13371 | D:12     | Got a crude leather armour
 13377 | D:12     | Found a portal to a secret trove of treasure.
 13394 | D:11     | Identified the +2 leather armour "Keed Norr" {rF- rC-
                  | Regen+ MP+9} (You found it on level 12 of the Dungeon)
 13528 | D:12     | Lost mutation: Your body sometimes deteriorates upon taking
                  | damage. [potion of mutation]
 13528 | D:12     | Lost mutation: Armour fits poorly on your strangely shaped
                  | body. [potion of mutation]
 13528 | D:12     | Gained mutation: You evolve. [potion of mutation]
 13528 | D:12     | Gained mutation: Your muscles are strong. (Str +2) [potion
                  | of mutation]
 13528 | D:12     | Gained mutation: Your spells are a little harder to cast,
                  | but a little more powerful. [potion of mutation]
 13531 | D:12     | Lost mutation: You evolve. [evolution]
 13600 | D:12     | Found a large runed translucent door.
 13602 | D:12     | Found a large runed translucent door.
 13603 | D:12     | Noticed qipq's ghost (journeyman OgGl)
 13612 | D:12     | Reached skill level 14 in Axes
 14016 | D:13     | Found Mitaoc's Book Boutique.
 14865 | Lair:1   | Entered Level 1 of the Lair of Beasts
 15000 | Lair:1   | Reached XP level 14. HP: 118/129 MP: 22/24
 15465 | Lair:2   | Found a dark tunnel.
 15474 | Volcano  | Entered a volcano
 16079 | Lair:2   | Found a glowing silver altar of Zin.
 16836 | Lair:3   | Reached skill level 1 in Evocations
 17060 | Lair:3   | Found a staircase to the Shoals.
 17308 | Lair:3   | Found a staircase to the Snake Pit.
 17447 | Lair:3   | Reached skill level 15 in Axes
 19759 | Lair:5   | Noticed Sonja
 19760 | Lair:5   | Killed Sonja
 20351 | Lair:6   | Entered Level 6 of the Lair of Beasts
 20390 | Lair:5   | Reached skill level 1 in Throwing
 20789 | Lair:6   | Found a staircase to the Slime Pits.
 20951 | Lair:6   | Reached skill level 15 in Invocations
 21055 | Lair:6   | Reached XP level 15. HP: 138/138 MP: 26/26
 21078 | Lair:6   | Lost mutation: You do not regenerate when monsters are
                  | visible. [potion of mutation]
 21078 | Lair:6   | Lost mutation: You have sharp toenails. [potion of
                  | mutation]
 21078 | Lair:6   | Lost mutation: You occasionally shout uncontrollably at
                  | your foes. [potion of mutation]
 21078 | Lair:6   | Lost mutation: You have a pair of small horns on your head.
                  | [potion of mutation]
 21078 | Lair:6   | Gained mutation: You passively map a small area around you.
                  | [potion of mutation]
 21078 | Lair:6   | Gained mutation: You are frail. (-10% HP) [potion of
                  | mutation]
 21078 | Lair:6   | Gained mutation: Scrolls take you a little longer to read.
                  | [potion of mutation]
 21078 | Lair:6   | Gained mutation: You passively map the area around you.
                  | [potion of mutation]
 21421 | Lair:6   | Got a glimmering helmet
 21427 | Lair:6   | Identified the cursed -4 helmet of True Grit {-Cast rN+++
                  | Str+4} (You found it on level 6 of the Lair of Beasts)
 21646 | Lair:6   | Found a burning altar of Makhleb.
 21663 | Lair:6   | Found a gateway to Hell.
 22302 | Orc:1    | Entered Level 1 of the Orcish Mines
 22405 | Orc:1    | Found Qolureav's General Store.
 22554 | Orc:1    | Reached skill level 5 in Evocations
 22818 | Orc:1    | Found Kefoekhli's Armour Boutique.
 22822 | Orc:1    | Found Duxkuasti's General Store.
 22844 | Orc:1    | Found Van Gucw's Book Boutique.
 22911 | Orc:1    | Found Rualuunt's Magic Scroll Shoppe.
 22917 | Orc:1    | Bought a scroll of acquirement for 832 gold pieces
 22919 | Orc:1    | Found the +7 Kryia's mail coat {PotionHeal*2 rC+}
 22919 | Orc:1    | Got the +7 Kryia's mail coat {PotionHeal*2 rC+}
 22988 | Orc:2    | Entered Level 2 of the Orcish Mines
 22988 | Orc:2    | Found Kuino's General Store.
 23000 | Orc:2    | Reached skill level 16 in Axes
 23114 | Orc:2    | Found Utisom's Antique Weapon Emporium.
 23542 | Orc:2    | Found a staircase to the Elven Halls.
 23575 | Orc:2    | Noticed an orc warlord
 23585 | Orc:2    | Killed an orc warlord
 23643 | Orc:2    | Paralysed by an orc sorcerer for 3 turns
 23867 | Orc:2    | Found Fuylac's Antique Armour Shoppe.
 23902 | Orc:2    | Found Quxt's Book Shop.
 24056 | Orc:2    | Noticed an orc warlord
 24095 | Orc:2    | Killed an orc warlord
 24095 | Orc:2    | Reached skill level 15 in Fighting
 24159 | Orc:2    | Noticed an orc warlord
 24160 | Orc:2    | Noticed an orc warlord
 24173 | Orc:2    | Killed an orc warlord
 24174 | Orc:2    | Killed an orc warlord
 24440 | Orc:2    | Bought a manual of Fighting for 1545 gold pieces
 24468 | Orc:2    | Bought a glowing cloak for 232 gold pieces
 24628 | Snake:1  | Entered Level 1 of the Snake Pit
 24678 | Snake:1  | Reached XP level 16. HP: 53/134 MP: 14/28
 25618 | Snake:1  | Reached skill level 15 in Shields
 26249 | Snake:2  | Found a frozen archway.
 26254 | Snake:2  | Noticed a nagaraja
 26258 | IceCv    | Entered an ice cave
 27009 | IceCv    | Noticed an Ice Fiend
 27042 | IceCv    | Killed an Ice Fiend
 27469 | Snake:2  | Killed a nagaraja
 27777 | Snake:2  | Found Tamiv's Gadget Shoppe.
 27778 | Snake:2  | Found Idigh's Jewellery Shop.
 27779 | Snake:2  | Found Wisin's Gadget Shoppe.
 28147 | Snake:2  | Reached skill level 5 in Throwing
 29140 | Snake:3  | Reached XP level 17. HP: 102/149 MP: 26/29
 30242 | Snake:4  | Entered Level 4 of the Snake Pit
 30717 | Snake:4  | Reached skill level 10 in Throwing
 32254 | Snake:4  | Got a serpentine rune of Zot
 32525 | Snake:4  | Noticed Vashnia
 32947 | Snake:4  | Killed Vashnia
 32947 | Snake:4  | Reached XP level 18. HP: 103/163 MP: 20/30
 34138 | D:14     | Found a gate to the Vaults.
 34138 | D:14     | Noticed Rupert
 34141 | D:14     | Noticed Urug
 34286 | D:13     | Killed Urug
 34349 | D:13     | Killed Rupert
 34863 | D:14     | Noticed Kirke
 34884 | D:14     | Killed Kirke
 35472 | D:14     | Learned a level 1 spell: Apportation
 35740 | D:14     | Reached skill level 10 in Armour
 35822 | D:15     | Entered Level 15 of the Dungeon
 35945 | D:15     | Reached skill level 1 in Translocations
 36475 | D:15     | Found a staircase to the Depths.
 37000 | Shoals:1 | Entered Level 1 of the Shoals
 37012 | Shoals:1 | Noticed Roxanne
 37035 | Shoals:1 | Killed Roxanne
 37733 | Shoals:1 | Reached skill level 17 in Axes
 37859 | Shoals:1 | Found Byoliuca's Weapon Shop.
 37967 | Shoals:2 | Found Ozutalih's Food Emporium.
 38019 | Shoals:2 | Reached XP level 19. HP: 154/171 MP: 29/31
 38265 | Shoals:2 | Found Asudgh Qios's Weapon Shop.
 38478 | Shoals:2 | Found Ylaank's General Store.
 38486 | Shoals:2 | Found Huakiusask's Assorted Antiques.
 38595 | Shoals:2 | Bought 2 potions of might for 264 gold pieces
 38725 | Shoals:2 | Found Essol's Armour Emporium.
 39605 | Shoals:4 | Entered Level 4 of the Shoals
 40180 | Shoals:4 | Noticed Polyphemus
 40194 | Shoals:4 | Killed Polyphemus
 40912 | Shoals:4 | Noticed Donald
 40936 | Shoals:4 | Killed Donald
 40938 | Shoals:4 | Noticed Aizul
 40952 | Shoals:4 | Killed Aizul
 40982 | Shoals:4 | Got a barnacled rune of Zot
 41022 | Shoals:4 | Reached skill level 18 in Axes
 41749 | Shoals:4 | Identified the ring of Toh Miti {rF+ rN+ Str-3 SInv}
 41838 | Shoals:4 | Identified the cursed +1 scale mail "Plog" {Harm +Blink
                  | MP+9 Int+3}
 42104 | Shoals:4 | Reached skill level 19 in Axes
 42625 | Vaults:1 | Entered Level 1 of the Vaults
 42761 | Vaults:1 | Got a slimy kite shield
 42772 | Vaults:1 | Identified the +1 kite shield of Yredelemnul's Approval
                  | {rElec rPois Str-3 Stlth+} (You found it on level 1 of the
                  | Vaults)
 43171 | Vaults:1 | Reached XP level 20. HP: 180/180 MP: 32/32
 43538 | Vaults:1 | Reached skill level 20 in Axes
 43693 | Vaults:1 | Got the amulet of Coronation {Regen+ Dex+6}
 44313 | Vaults:2 | Reached skill level 10 in Dodging
 44334 | Vaults:2 | Reached skill level 21 in Axes
 45017 | Vaults:2 | Reached skill level 22 in Axes
 45026 | Vaults:2 | Lost mutation: You are frail. (-10% HP) [potion of
                  | mutation]
 45026 | Vaults:2 | Lost mutation: Scrolls take you a little longer to read.
                  | [potion of mutation]
 45026 | Vaults:2 | Lost mutation: You passively map the area around you.
                  | [potion of mutation]
 45026 | Vaults:2 | Lost mutation: You passively map a small area around you.
                  | [potion of mutation]
 45026 | Vaults:2 | Gained mutation: You have a beak for a mouth. [potion of
                  | mutation]
 45026 | Vaults:2 | Gained mutation: You are somewhat resistant to further
                  | mutation. [potion of mutation]
 45851 | Vaults:3 | Paralysed by something for 6 turns
 45856 | Vaults:3 | HP: 2/200 [something (19)]
 45856 | Vaults:3 | Slain by a vampire knight

Illustrated notes

Levels and vault maps discovered:
D:1:      dpeg_arrival_rooms_c, layout_loops_ring, serial_glass,
          glass_columns_a, glass_columns_b, solitary_fountain,
          chequers_serial_rivers_micro_b
D:2:      layout_loops_ring, lightli_temple_of_fire, first_ration
D:3:      layout_rooms, nicolae_qazlal_general_emergency, lemuel_crystal_altar,
          lemuel_crystal_altar, nicolae_ashenzari_panopticon,
          chequers_ecumenical_altar_island
D:4:      lemuel_upstairs_altar, layout_loops_ring, minmay_goblin_kobold_house
D:5:      layout_rooms, nicolae_overflow_hidden_temple,
          minmay_temple_entry_slanted, grunt_ministairs_1
D:6:      layout_loops_corners, serial_shops, nicolae_shop_stone,
          corexii_checkpoint_a, minmay_misc_feat_nine_boxes, uniq_grinder,
          uniq_menkaure
D:7:      layout_loops_ring, enter_bailey_3, uniq_maggie, uniq_joseph,
          uniq_harold
D:8:      layout_loops_ring, kennysheep_mini_moat,
          lemuel_coloured_pillars_altar, basic_altar
D:9:      layout_irregular_city, hiddenorc2_lemuel, serial_shops, shop,
          uniq_erica
D:10:     layout_long_grid, minmay_lair_entry_grove, basic_altar, serial_shops,
          kennysheep_little_box, kennysheep_generic_room_6
D:11:     layout_long_grid
D:12:     layout_cave_pools, enter_trove_0, ebering_ghost_disaster_area
D:13:     layout_roguey [special_room_bee], serial_shops, shop
D:14:     layout_stronghold, david_vaults_3, chequers_arboretum, uniq_kirke
D:15:     gammafunk_enter_depths_forms, layout_loops_ring
Lair:1:   layout_concentric_octagons, infiniplex_staircase_pool_2,
          lemuel_fruit_tree, grunt_megastairs_1
Lair:2:   layout_long_grid, basic_altar, nicolae_volcano_entry_two_sided,
          ice2_lemuel
Lair:3:   layout_cave_pods, minmay_shoals_entry_hut,
          minmay_snake_entry_guardpost_small, serial_bayou_shore_b, uniq_rupert
Lair:4:   layout_loops_ring
Lair:5:   layout_layer_cave, uniq_sonja
Lair:6:   evil_forest, layout_regular_city, dpeg_slime_entry_corner,
          grunt_megastairs_5
Shoals:1: layout_shoals, serial_shops, shop, uniq_roxanne
Shoals:2: layout_shoals, serial_shops, shop_statue, shop, shop_statue,
          nicolae_shop_trees, shop
Shoals:3: layout_shoals
Shoals:4: shoals_end_grunt_garden, layout_shoals, uniq_aizul, uniq_donald,
          uniq_polyphemus
Snake:1:  layout_chambers
Snake:2:  layout_misc_corridors, portal_ice_cave_entry_pillars_2,
          serial_bayou_shore_b, minmay_shop_grove
Snake:3:  layout_basic, serial_bayou_shore_a
Snake:4:  snake_pit, layout_rooms, drop_trap, nicolae_snake_round_shape_thing,
          st_stairs_6, serial_bayou_lake_a, uniq_vashnia
Orc:1:    nicolae_orc_accident_3, layout_caves, serial_shops,
          nicolae_shop_stone, shop, shop, nicolae_shop_crystal, shop
Orc:2:    grunt_orc_gardens, layout_caves, grunt_orc_garden, grunt_orc_garden,
          grunt_orc_garden, grunt_orc_garden, nicolae_orc_jurassic_orc,
          minmay_orc_treasury
Vaults:1: nicolae_vaults_quadrants, nicolae_vaults_hallways_thing,
          nicolae_vaults_little_squares_6, v_pattern_2,
          ontoclasm_vaults_loading_screen, vaults_room_grunt_arrival_ludios,
          v_rooms_5, nicolae_vaults_three_branches, layout_vaults_chaotic_city
Vaults:2: nicolae_vaults_statue_guard, v_alt_pattern_5, v_misc_18, v_misc_32,
          nicolae_vaults_little_squares_3, layout_vaults_quadrants
Vaults:3: minmay_crypt_entry_simple_box, hangedman_vaults_stitches,
          ontoclasm_vaults_eye, vaults_dpeg_cross, vaults_room_boxed,
          ontoclasm_vaults_ligature, nicolae_vaults_circle_grid_b, v_pattern_5,
          v_alt_pattern_2, v_misc_12, layout_vaults_maze, uniq_margery

Skill      XL: |  1  2  3  4  5  6  7  8  9 10 11 12 13 14 15 16 17 18 19 20 |
---------------+-------------------------------------------------------------+-----
Axes           | 3 4 6 7 8 10 12 13 14 15 16 17 19 22 | 22.3
Fighting       | 4 5 6 7 9 11 12 13 14 15 18 21 | 21.9
Invocations    | 1 2 4 6 9 11 12 14 15 16 17 | 17.2
Dodging        | 1 2 3 5 6 7 9 11 | 11.0
Armour         | 4 5 6 7 8 9 10 11 | 11.3
Shields        | 4 5 6 7 11 13 14 16 17 | 17.0
Stealth        | 2 |  2.0
Evocations     | 3 6 |  6.1
Throwing       | 1 4 7 12 13 | 13.0
Translocations | 2 4 |  4.2

Action                   |  1- 3 |  4- 6 |  7- 9 | 10-12 | 13-15 | 16-18 | 19-21 || total
-------------------------+-------+-------+-------+-------+-------+-------+-------++-------
Melee: War axe           |   125 |   186 |   219 |       |       |       |       ||   530
       Kick              |       |       |    12 |       |       |       |       ||    12
       Headbutt          |       |       |    29 |   112 |   281 |       |       ||   422
       Broad axe         |       |       |       |   345 |  1059 |  1197 |   835 ||  3436
       Hand axe          |       |       |       |       |    69 |       |       ||    69
       Unarmed           |       |       |       |       |       |     4 |       ||     4
       Peck              |       |       |       |       |       |       |    25 ||    25
Throw: Throwing net      |       |       |     3 |     1 |       |       |    11 ||    15
       Dart              |       |       |       |       |       |    14 |     7 ||    21
       Javelin           |       |       |       |       |       |       |     3 ||     3
 Cast: Apportation       |       |       |       |       |       |       |     1 ||     1
Invok: Slouch            |       |       |     1 |     4 |    11 |     4 |     7 ||    27
Evoke: Wand              |       |       |       |       |    12 |    18 |    16 ||    46
  Use: Scroll            |     7 |     3 |     9 |     3 |    18 |    12 |    16 ||    68
       Potion            |       |     1 |     9 |     3 |     7 |     9 |    12 ||    41
 Stab: Sleeping          |       |       |       |     2 |     4 |     2 |     4 ||    12
       Held in net/web   |       |       |       |     1 |       |       |       ||     1
       Distracted        |       |       |       |       |     3 |     3 |     2 ||     8
  Eat: Chunk             |     3 |     7 |     5 |     5 |    19 |    18 |    12 ||    69
       Ration            |       |       |     2 |       |     2 |     2 |     1 ||     7
Armor: Scale mail        |    62 |    88 |    96 |    13 |    54 |   384 |   246 ||   943
       Steam dragon scal |       |       |       |    46 |    20 |       |       ||    66
       Troll leather arm |       |       |       |       |    28 |       |       ||    28
       Chain mail        |       |       |       |       |   181 |       |       ||   181
Dodge: Dodged            |    44 |    67 |    91 |   142 |   469 |   403 |   380 ||  1596
Block: Kite shield       |    68 |   111 |   158 |   259 |   836 |       |   301 ||  1733
       Tower shield      |       |       |       |       |   157 |  1578 |   681 ||  2416

Table legend:
 A = Non-vault XP
 B = Vault XP
 C = Vault XP percentage of total XP
 D = Non-vault monster count
 E = Vault monster count
 F = Vault count percentage of total count
                 A         B        C        D         E       F
            +---------+---------+-------+---------+---------+-------
      Total |  279625 |  171235 |  38.0 |     939 |     470 |  33.4
            +---------+---------+-------+---------+---------+-------
        D:1 |      33 |       0 |   0.0 |      17 |       0 |   0.0
        D:2 |      40 |       0 |   0.0 |      20 |       0 |   0.0
        D:3 |     170 |       0 |   0.0 |      29 |       0 |   0.0
        D:4 |     396 |       8 |   2.0 |      18 |       4 |  18.2
        D:5 |     976 |       3 |   0.3 |      27 |       1 |   3.6
        D:6 |     823 |     460 |  35.9 |      18 |       4 |  18.2
        D:7 |    1164 |    1923 |  62.3 |      21 |       7 |  25.0
        D:8 |    2527 |     132 |   5.0 |      36 |       2 |   5.3
        D:9 |    4211 |    3513 |  45.5 |      37 |      42 |  53.2
       D:10 |    3118 |     111 |   3.4 |      25 |       2 |   7.4
       D:11 |    2149 |       0 |   0.0 |      18 |       0 |   0.0
       D:12 |    9271 |       0 |   0.0 |      48 |       0 |   0.0
       D:13 |    5731 |   10259 |  64.2 |      23 |      45 |  66.2
       D:14 |   10202 |    2380 |  18.9 |      37 |       5 |  11.9
       D:15 |   15785 |    4367 |  21.7 |      38 |      11 |  22.4
     Lair:1 |    1451 |     510 |  26.0 |       7 |       2 |  22.2
     Lair:2 |    2854 |    1671 |  36.9 |      15 |      10 |  40.0
     Lair:3 |    4802 |     887 |  15.6 |      23 |       5 |  17.9
     Lair:4 |    4530 |       0 |   0.0 |      13 |       0 |   0.0
     Lair:5 |    9066 |    2216 |  19.6 |      28 |       4 |  12.5
     Lair:6 |    7619 |   10194 |  57.2 |      28 |      29 |  50.9
   Shoals:1 |   10680 |    1738 |  14.0 |      23 |       1 |   4.2
   Shoals:2 |   14388 |       0 |   0.0 |      28 |       0 |   0.0
   Shoals:3 |    4712 |     286 |   5.7 |       7 |       1 |  12.5
   Shoals:4 |   22416 |   28858 |  56.3 |      45 |      38 |  45.8
    Snake:1 |   16848 |       0 |   0.0 |      30 |       0 |   0.0
    Snake:2 |   12254 |       0 |   0.0 |      21 |       0 |   0.0
    Snake:3 |   33238 |    7193 |  17.8 |      61 |       9 |  12.9
    Snake:4 |   20078 |   35005 |  63.5 |      36 |      42 |  53.8
      Orc:1 |    1771 |    1620 |  47.8 |      25 |      10 |  28.6
      Orc:2 |    1264 |   21030 |  94.3 |      22 |      70 |  76.1
   Vaults:1 |   13090 |   17814 |  57.6 |      31 |      28 |  47.5
   Vaults:2 |   39810 |    6366 |  13.8 |      80 |      12 |  13.0
   Vaults:3 |    2158 |       0 |   0.0 |       4 |       0 |   0.0
     Bailey |       0 |    1829 | 100.0 |       0 |      21 | 100.0
      IceCv |       0 |    9643 | 100.0 |       0 |      58 | 100.0
    Volcano |       0 |    1219 | 100.0 |       0 |       7 | 100.0
            +---------+---------+-------+---------+---------+-------
